 Dungeon Crawl Stone Soup version 0.31-a0-180-g519b7de00c (webtiles) character file.

Game seed: 11131757487927160342

49 qw the Shooter (level 3, -5/32 HPs)
             Began as a Naga Hunter on June 19, 2023.
             Slain by Sigmund
             ... wielding a +0 scythe
              (7 damage)
             ... on level 2 of the Dungeon.
             The game lasted 00:00:25 (988 turns).

qw the Shooter (Naga Hunter)                         Turns: 988, Time: 00:00:26

Health: -5/32      AC:  2    Str: 13    XL:     3   Next: 77%
Magic:  3/3        EV:  9    Int:  9    God:
Gold:   81         SH:  0    Dex: 16    Spells: 2/2 levels left

rFire   + . .        Y - +1 shortbow
rCold   . . .        (shield currently unavailable)
rNeg    . . .        c - +0 leather armour
rPois   +            (no helmet)
rElec   .            (no cloak)
rCorr   .            (no gloves)
SInv    +            (no barding)
Will    .....        (no amulet)
Stlth   ++           a - ring of protection from fire
HPRegen 0.25/turn    (no ring)
MPRegen 0.08/turn

%: no passive effects
@: very slow
A: AC +1, large, see invisible, deformed body, poison resistance, slowness 2,
spit poison 1, naga tail 1
a: Spit Poison


You were on level 2 of the Dungeon.
You visited 1 branch of the dungeon, and saw 2 of its levels.

You collected 81 gold pieces.


Innate Abilities, Weirdness & Mutations

Your serpentine skin is tough. (AC +1)
You have supernaturally acute eyesight. (SInv)
Armour fits poorly on your strangely shaped body.
Your system is resistant to poisons. (rPois)
You cover ground very slowly.
You can spit poison.
You have a snake-like lower body.


   Skills:
 - Level 2.0 Fighting
 + Level 4.8 Ranged Weapons
 - Level 1.5 Dodging
 - Level 1.5 Stealth


You had 2 spell levels left.
You didn't know any spells.
Your spell library was empty.

Inventory:

Hand Weapons
 Y - a +1 shortbow (weapon)
Armour
 c - a +0 leather armour (worn)
Jewellery
 a - a ring of protection from fire (left hand)
Potions
 f - a potion of haste {unknown}

Dungeon Overview and Level Annotations

Branches:
Dungeon (2/15)

Altars:

Annotations:
D:2 Sigmund


Message History

The magic dart hits you!
You shoot an arrow. The arrow hits Sigmund.
Sigmund is heavily wounded.
Sigmund misses you.
You shoot an arrow. The arrow hits Sigmund.
Sigmund is severely wounded.
Sigmund barely misses you.
You shoot an arrow.
The arrow hits Sigmund but does no damage.
Sigmund is heavily wounded.
You shoot an arrow.
The arrow hits Sigmund but does no damage.
Sigmund is heavily wounded.
You have got your breath back.
Sigmund closely misses you.
979 ||| INVOKING Spit Poison.
Aiming: Spit Poison (2% risk of failure)
Press: ? - help, Shift-Dir - straight line, f/p - Sigmund The splash of poison hits Sigmund but does no damage.
Sigmund is heavily wounded.
Sigmund hits you from afar with a +0 scythe!
980 ||| UPGRADING to ring of protection from fire.
a - a ring of protection from fire (left hand) Sigmund casts a spell at you.
You resist with some effort.
You shoot an arrow. The arrow closely misses Sigmund.
You have got your breath back.
Sigmund gestures at you while chanting. The magic dart hits you!
985 ||| READING scroll labelled SEROSK RUAZXAS.
As you read the scroll labelled SEROSK RUAZXAS, it crumbles to dust.
It is a scroll of enchant weapon.
Your +0 shortbow glows red for a moment.
Sigmund closely misses you. Sigmund hits you with a +0 scythe!
Sigmund casts a spell at you. The puff of flame misses you.
Sigmund says, "Look into my eyes."
Sigmund hits you from afar with a +0 scythe!
You die...

#.... .......
#####...##.#)..#
..........%....#
...............
.......$.......
.####...##.##..#
#..@.......#
#...########
#..@#####
##.......#
#<....##.#
#.....#
#.....##.##
..####...........
...%........#.##.
####.##.......#
#. ......###


You could see Sigmund.

Vanquished Creatures
  A worm (D:2)
  A dart slug (D:1)
  A bat (D:1)
  6 endoplasms (D:1)
  2 giant cockroaches (D:1)
  5 goblins (D:1)
  2 hobgoblins (D:1)
  2 quokkas (D:1)
  5 ball pythons
  6 frilled lizards
  6 kobolds
  3 rats (D:1)
40 creatures vanquished.

Notes
Turn   | Place    | Note
-------+----------+-------------------------------------------
     0 | D:1      | qw the Naga Hunter began the quest for the Orb.
     0 | D:1      | Reached XP level 1. HP: 19/19 MP: 1/1
     0 | D:1      | 0 ||| qw: Version: 0.3-a-7-ge0c9b40
     0 | D:1      | 0 ||| qw: Game counter: 902
     0 | D:1      | 0 ||| qw: Always use a shield: true
     0 | D:1      | 0 ||| qw: God list: Okawaru
     0 | D:1      | 0 ||| qw: Allow faded altars: false
     0 | D:1      | 0 ||| qw: Do Orc after D:15 true
     0 | D:1      | 0 ||| qw: Do second Lair branch before Depths: true
     0 | D:1      | 0 ||| qw: Lair rune preference: random
     0 | D:1      | 0 ||| qw: Plans: Normal
     0 | D:1      | 0 ||| PLANNING D:1-11
    29 | D:1      | 29 ||| INVOKING Spit Poison.
    34 | D:1      | 34 ||| INVOKING Spit Poison.
    39 | D:1      | 39 ||| INVOKING Spit Poison.
    45 | D:1      | 45 ||| INVOKING Spit Poison.
    46 | D:1      | Reached skill level 4 in Ranged Weapons
    46 | D:1      | Reached XP level 2. HP: 26/26 MP: 2/2
    50 | D:1      | 50 ||| INVOKING Spit Poison.
    76 | D:1      | 76 ||| INVOKING Spit Poison.
    81 | D:1      | 81 ||| INVOKING Spit Poison.
    85 | D:1      | 85 ||| INVOKING Spit Poison.
   133 | D:1      | 133 ||| INVOKING Spit Poison.
   136 | D:1      | 136 ||| INVOKING Spit Poison.
   139 | D:1      | 139 ||| INVOKING Spit Poison.
   146 | D:1      | 146 ||| INVOKING Spit Poison.
   165 | D:1      | Reached XP level 3. HP: 32/32 MP: 3/3
   192 | D:1      | 192 ||| INVOKING Spit Poison.
   215 | D:1      | 215 ||| INVOKING Spit Poison.
   226 | D:1      | 226 ||| INVOKING Spit Poison.
   274 | D:1      | 274 ||| INVOKING Spit Poison.
   361 | D:1      | 361 ||| INVOKING Spit Poison.
   367 | D:1      | 367 ||| INVOKING Spit Poison.
   426 | D:1      | 426 ||| INVOKING Spit Poison.
   639 | D:1      | 639 ||| INVOKING Spit Poison.
   673 | D:1      | 673 ||| INVOKING Spit Poison.
   857 | D:1      | 857 ||| DROPPING ring of flight.
   858 | D:1      | 858 ||| READING scroll labelled RAYMPE KATHRA.
   861 | D:1      | 861 ||| READING scroll labelled ISODAE GELIAZ.
   862 | D:1      | 862 ||| READING scroll labelled EXUQUW CUTEIS.
   863 | D:1      | 863 ||| READING scroll labelled HANATO WYNWO.
   920 | D:1      | 920 ||| READING scroll labelled FUGURO EC DEYD.
   921 | D:1      | 921 ||| DRINKING 2 ruby potions.
   922 | D:1      | 922 ||| DROPPING scroll of butterflies.
   942 | D:2      | 942 ||| INVOKING Spit Poison.
   951 | D:2      | 951 ||| INVOKING Spit Poison.
   965 | D:2      | 965 ||| INVOKING Spit Poison.
   968 | D:2      | Noticed Sigmund
   971 | D:2      | 971 ||| DRINKING potion of curing.
   971 | D:2      | 971 ||| (to cure confusion)
   972 | D:2      | 972 ||| INVOKING Spit Poison.
   979 | D:2      | 979 ||| INVOKING Spit Poison.
   980 | D:2      | 980 ||| UPGRADING to ring of protection from fire.
   985 | D:2      | 985 ||| READING scroll labelled SEROSK RUAZXAS.
   986 | D:2      | HP: 2/32 [Sigmund/+0 scythe (9)]
   988 | D:2      | Slain by Sigmund

Levels and vault maps discovered:
D:1:      dpeg_arrival_signposts, layout_basic, amethyst_killhole,
          hangedman_decor_opposing, dreamdust_wishing_well, minmay_tall_x
D:2:      layout_loops_cross, uniq_sigmund

Skill      XL: |  1 |
---------------+----+-----
Ranged Weapons | 4 |  4.8
Fighting       | |  2.0
Dodging        | |  1.5
Stealth        | |  1.5

Action                     || total
---------------------------++-------
   Fire: Shortbow          ||    73
Ability: Spit Poison       ||    26
    Use: Scroll            ||     6
         Potion            ||     2
 Armour: Leather armour    ||     1
  Dodge: Dodged            ||    16

Table legend:
 A = Non-vault XP
 B = Vault XP
 C = Vault XP percentage of total XP
 D = Non-vault monster count
 E = Vault monster count
 F = Vault count percentage of total count
                 A         B        C        D         E       F
            +---------+---------+-------+---------+---------+-------
      Total |      65 |       6 |   8.5 |      36 |       4 |  10.0
            +---------+---------+-------+---------+---------+-------
        D:1 |      54 |       6 |  10.0 |      31 |       4 |  11.4
        D:2 |      11 |       0 |   0.0 |       5 |       0 |   0.0
            +---------+---------+-------+---------+---------+-------
